Map: Backwater LE

Players

Honor - Winner!

  • Race: Protoss Protoss
  • League: Master
  • Spawn Location: 5:00

A.I. 1 (Elite)

  • Race: Terran Terran
  • Spawn Location: 11:00

VOD

https://www.youtube.com/watch?v=d24dE_UuNo4

Description

Time

  • Played on: March 15, 2018, 8:39 a.m.
  • Length: 5:41
Show
View Real Time Build Order
Export as new Build Order

Honor Protoss - Winner!

Build Orders: 1 Gate Expand 

Get SALT Encoding   

  12  0:00  Probe  
  13  0:13  Probe  
  14  0:18  Pylon  
  14  0:25  Probe  
  15  0:37  Probe (Chrono Boost), Gateway  
  16  0:44  Assimilator  
  16  0:49  Probe (Chrono Boost)  
  17  0:54  Probe (Chrono Boost)  
  18  1:03  Probe  
  19  1:23  Nexus  
  19  1:34  Cybernetics Core  
  19  1:37  Probe  
  20  1:48  Pylon  
  20  1:49  Probe  
  21  2:01  Stalker, Probe  
  22  2:14  Gateway  
  24  2:16  Warp Gate (Chrono Boost)  
  24  2:20  Probe  
  25  2:31  Stalker  
  25  2:32  Probe  
  28  2:40  Probe  
  29  2:44  Probe  
  29  2:46  Gateway  
  30  2:53  Probe  
  30  2:56  Probe  
  32  3:13  Gateway  
  32  3:14  Gateway  
  32  3:16  Gateway  
  32  3:29  Pylon  
  32  3:43  Stalker x3  
  32  3:44  Pylon  
  38  4:06  Stalker x3  
  38  4:09  Zealot x2  
  48  4:10  Zealot  
  50  4:36  Stalker  
  50  4:37  Zealot x5  
  62  4:56  Pylon x2  
  60  5:02  Stalker  
  62  5:15  Adept x3  
  62  5:17  Zealot x2  
  72  5:29  Pylon  
  72  5:31  Adept  
Show
View Real Time Build Order
Export as new Build Order

A.I. 1 (Elite) Terran 

Build Orders:  

Get SALT Encoding   

  12  0:00  SCV  
  13  0:13  SCV  
  14  0:19  Supply Depot  
  14  0:25  SCV  
  15  0:30  Refinery  
  15  0:40  SCV  
  16  0:47  Barracks  
  16  0:52  SCV  
  17  1:04  SCV  
  17  1:09  Supply Depot  
  18  1:16  SCV  
  19  1:29  SCV  
  20  1:33  Marine  
  20  1:36  Factory  
  21  1:43  Barracks  
  21  1:46  SCV  
  22  1:51  Marine  
  23  1:58  SCV  
  24  2:03  Supply Depot  
  24  2:09  Marine  
  24  2:10  SCV  
  26  2:18  Factory Tech Lab  
  26  2:22  SCV  
  27  2:27  Marine  
  28  2:34  SCV, Marine  
  30  2:39  Siege Tank  
  33  2:46  SCV  
  34  3:03  Command Center  
  34  3:08  Orbital Command  
  34  3:14  Refinery  
  34  3:24  Marine  
  34  3:26  Marine  
  36  3:34  SCV  
  37  3:42  Marine  
  37  3:44  Marine  
  37  3:47  Supply Depot  
  39  3:58  Barracks  
  39  4:02  Barracks Tech Lab  
  39  4:04  Barracks Tech Lab  
  39  4:08  SCV  
  40  4:15  SCV, Starport  
  41  4:20  SCV  
  42  4:25  Marine  
  42  4:27  SCV  
  42  4:30  Marine  
  41  4:33  SCV  
  41  4:37  Hellion  
  43  4:39  SCV  
  43  4:43  Marine  
  43  4:45  SCV  
  43  4:51  SCV  
  39  4:55  Marauder  
  39  4:58  Hellion  
  40  5:01  Marine  
  40  5:04  Orbital Command  
  31  5:16  Marine  
  31  5:19  Marine  
Tags
 
League
Master
Matchup
PvT
Spawn Locations
Cross Positions
Add a new tag
Caveats
  • Supply blocks, unpowered buildings, or Contaminate may cause inaccurate times.
  • Supply counts are checked every 10 seconds.